General information
- name: BNet
- type: Ladder team game (AT/RT)
- host: Battle.net
- saver: Formr1000APMPro
map: Deadlock
- players: 8
- length: 31:32
- speed: Fast
- version: 1.26 W3XP
- replay type: Public
» download(150 KB)
Players
team 1 (winner)

»
towerbyatch (
red | 40 APM | 1023 actions | 25:20)
3 Death Knight
1 Death Coil
2 Unholy Aura
3 Lich
2 Frost Nova
1 Frost Armor
» actions
| Assign group hotkey | 2 | |
| Basic commands | 13 | |
| Build / train | 47 | |
| Enter build submenu | 23 | |
| Enter hero's abilities submenu | 7 | |
| Right click | 607 | |
| Select / deselect | 249 | |
| Select group hotkey | 23 | |
| Use ability | 51 | |
1023 total
» units
| Acolyte | 10 | |
| Ghoul | 5 | |
| Crypt Fiend | 6 | |
| Frost Wyrm | 4 | |
25 total
» upgrades
| Web | 1 | |
| Creature Attack | 2 | |
| Creature Carapace | 2 | |
| Freezing Breath | 1 | |
6 total
» buildings
| Graveyard | 2 | |
| Crypt | 1 | |
| Ziggurat | 10 | |
| Altar of Darkness | 2 | |
| Tomb of Relics | 1 | |
| Halls of the Dead | 1 | |
| Black Citadel | 1 | |
| Sacrificial Pit | 1 | |
| Boneyard | 2 | |
| Necropolis | 1 | |
| Nerubian Tower | 2 | |
24 total
» build order
00:08 Graveyard
00:13 Graveyard
00:16 Crypt
00:40 Ziggurat
01:00 Altar of Darkness
01:26 Ziggurat
01:52 Tomb of Relics
03:56 Halls of the Dead
04:35 Ziggurat
07:05 Black Citadel
07:08 Sacrificial Pit
07:43 Ziggurat
07:44 Ziggurat
07:45 Ziggurat
09:48 Boneyard
09:49 Boneyard
16:28 Ziggurat
16:29 Ziggurat
17:42 Altar of Darkness
17:46 Necropolis
17:59 Nerubian Tower
18:17 Ziggurat
18:19 Ziggurat
19:18 Nerubian Tower
» items
| Rod of Necromancy | 1 | |
| Scroll of Town Portal | 2 | |
| Potion of Healing | 1 | |
4 total

»
droptactics (
purple | 20 APM | 616 actions | 31:30)
4 Keeper of the Grove
2 Force of Nature
1 Thorns Aura
1 Entangling Roots
1 Priestess of the Moon
1 Trueshot Aura
» actions
| Basic commands | 14 | |
| Build / train | 101 | |
| Enter build submenu | 21 | |
| Enter hero's abilities submenu | 5 | |
| Remove unit from queue | 10 | |
| Right click | 200 | |
| Select / deselect | 208 | |
| Use ability | 57 | |
616 total
» units
| Wisp | 33 | |
| Archer | 25 | |
| Chimaera | 1 | |
| Hippogryph | 14 | |
73 total
» buildings
| Moon Well | 7 | |
| Altar of Elders | 1 | |
| Ancient of War | 1 | |
| Ancient of Wonders | 1 | |
| Tree of Life | 9 | |
| Tree of Ages | 3 | |
| Tree of Eternity | 1 | |
| Ancient of Wind | 2 | |
| Chimaera Roost | 2 | |
27 total
» build order
00:06 Moon Well
00:08 Altar of Elders
00:39 Ancient of War
01:25 Moon Well
01:44 Ancient of Wonders
02:14 Moon Well
03:44 Tree of Life
04:39 Tree of Ages
05:20 Tree of Life
07:09 Tree of Eternity
07:16 Ancient of Wind
07:57 Ancient of Wind
09:42 Chimaera Roost
09:42 Chimaera Roost
09:49 Moon Well
09:50 Moon Well
09:50 Moon Well
09:51 Moon Well
14:15 Tree of Life
14:31 Tree of Ages
15:18 Tree of Life
15:22 Tree of Life
16:57 Tree of Life
17:27 Tree of Life
21:57 Tree of Life
22:13 Tree of Life
26:32 Tree of Ages
» items
| Dust of Appearance | 1 | |
| Lesser Clarity Potion | 1 | |
| Scroll of Town Portal | 5 | |
7 total
Formr1000APMPro (
blue | 78 APM | 2460 actions | 31:32)
8 Archmage
3 Blizzard
3 Brilliance Aura
1 Mass Teleport
1 Summon Water Elemental
» actions
| Assign group hotkey | 63 | |
| Basic commands | 193 | |
| Build / train | 113 | |
| ESC pressed | 8 | |
| Enter build submenu | 45 | |
| Enter hero's abilities submenu | 8 | |
| Give item / drop item | 3 | |
| Right click | 762 | |
| Select / deselect | 256 | |
| Select group hotkey | 851 | |
| Use ability | 158 | |
2460 total
» units
| Peasant | 21 | |
| Footman | 9 | |
| Gryphon Rider | 8 | |
38 total
» upgrades
| Masonry | 3 | |
| Lumber Harvesting | 1 | |
| Swords | 3 | |
| Armor | 1 | |
| Animal War Training | 1 | |
| Storm Hammers | 1 | |
10 total
» buildings
| Altar of Kings | 1 | |
| Barracks | 1 | |
| Farm | 9 | |
| Lumber Mill | 1 | |
| Arcane Vault | 1 | |
| Town Hall | 2 | |
| Keep | 4 | |
| Scout Tower | 25 | |
| Guard Tower | 15 | |
| Arcane Tower | 3 | |
| Castle | 7 | |
| Arcane Sanctum | 1 | |
| Gryphon Aviary | 3 | |
| Blacksmith | 1 | |
74 total
» build order
00:55 Altar of Kings
00:56 Barracks
00:58 Farm
01:06 Farm
01:24 Farm
01:44 Lumber Mill
02:04 Arcane Vault
02:18 Farm
02:46 Farm
04:09 Town Hall
05:21 Keep
05:22 Keep
06:08 Scout Tower
06:09 Scout Tower
06:11 Scout Tower
06:13 Scout Tower
06:14 Scout Tower
06:15 Scout Tower
06:18 Scout Tower
06:44 Guard Tower
06:55 Guard Tower
06:55 Guard Tower
06:55 Guard Tower
06:57 Scout Tower
07:04 Scout Tower
07:06 Scout Tower
07:07 Scout Tower
07:08 Scout Tower
07:59 Guard Tower
07:59 Guard Tower
08:00 Arcane Tower
08:01 Arcane Tower
08:15 Castle
08:15 Castle
08:47 Town Hall
08:50 Scout Tower
08:51 Scout Tower
08:52 Scout Tower
08:53 Scout Tower
09:23 Guard Tower
09:23 Guard Tower
09:28 Scout Tower
09:29 Scout Tower
09:30 Scout Tower
09:30 Scout Tower
09:31 Scout Tower
09:32 Scout Tower
09:33 Scout Tower
09:34 Scout Tower
09:35 Scout Tower
10:24 Guard Tower
10:46 Arcane Sanctum
11:01 Guard Tower
11:01 Guard Tower
12:39 Castle
12:39 Castle
12:42 Gryphon Aviary
12:43 Gryphon Aviary
12:45 Blacksmith
13:28 Gryphon Aviary
15:47 Farm
15:47 Farm
15:48 Farm
15:50 Farm
» items
| Scroll of Regeneration | 4 | |
| Mechanical Critter | 2 | |
| Periapt of Vitality | 1 | |
| Potion of Invisibility | 2 | |
| Staff of Teleportation | 1 | |
| Lesser Clarity Potion | 1 | |
11 total
Purple-Is-Fat (
orange | 32 APM | 999 actions | 31:30)
2 Archmage
1 Blizzard
1 Brilliance Aura
» actions
| Basic commands | 133 | |
| Build / train | 45 | |
| Enter build submenu | 30 | |
| Enter hero's abilities submenu | 2 | |
| Remove unit from queue | 5 | |
| Right click | 483 | |
| Select / deselect | 266 | |
| Use ability | 35 | |
999 total
» units
» upgrades
| Masonry | 1 | |
| Swords | 3 | |
| Armor | 3 | |
| Storm Hammers | 1 | |
8 total
» buildings
| Lumber Mill | 1 | |
| Farm | 14 | |
| Altar of Kings | 1 | |
| Blacksmith | 1 | |
| Keep | 1 | |
| Town Hall | 3 | |
| Arcane Vault | 1 | |
| Castle | 1 | |
| Gryphon Aviary | 3 | |
26 total
» build order
00:25 Lumber Mill
01:08 Farm
01:29 Altar of Kings
01:46 Farm
02:22 Farm
02:37 Blacksmith
03:08 Farm
04:40 Keep
04:49 Town Hall
06:30 Arcane Vault
06:46 Farm
06:48 Farm
07:33 Castle
07:36 Farm
07:38 Gryphon Aviary
07:41 Gryphon Aviary
07:45 Gryphon Aviary
08:41 Farm
09:32 Farm
11:22 Farm
12:14 Farm
18:13 Farm
18:13 Farm
18:14 Farm
28:31 Town Hall
29:18 Town Hall
» items
team 2 (loser)
JustTheVitamins (
pink | 23 APM | 261 actions | 11:08)
1 Blademaster
1 Wind Walk
» actions
| Basic commands | 18 | |
| Build / train | 13 | |
| Enter build submenu | 6 | |
| Enter hero's abilities submenu | 1 | |
| Right click | 158 | |
| Select / deselect | 57 | |
| Use ability | 8 | |
261 total
» units
» buildings
| War Mill | 1 | |
| Orc Burrow | 2 | |
| Watch Tower | 1 | |
| Altar of Storms | 1 | |
| Stronghold | 1 | |
6 total
» build order
00:09 War Mill
00:42 Orc Burrow
01:25 Watch Tower
02:13 Altar of Storms
02:24 Orc Burrow
04:50 Stronghold
» items
| Boots of Speed | 1 | |
| Staff of Teleportation | 1 | |
| Dust of Appearance | 1 | |
3 total
mulan2004 (
green | 52 APM | 481 actions | 09:11)
1 Priestess of the Moon
1 Searing Arrows
» actions
| Assign group hotkey | 75 | |
| Basic commands | 98 | |
| Build / train | 19 | |
| ESC pressed | 1 | |
| Enter build submenu | 13 | |
| Enter hero's abilities submenu | 1 | |
| Right click | 91 | |
| Select / deselect | 47 | |
| Select group hotkey | 120 | |
| Use ability | 16 | |
481 total
» units
» buildings
| Moon Well | 7 | |
| Altar of Elders | 1 | |
| Hunter's Hall | 1 | |
| Ancient of War | 2 | |
| Ancient Protector | 1 | |
12 total
» build order
00:04 Moon Well
00:06 Altar of Elders
00:58 Moon Well
01:27 Moon Well
02:09 Hunter's Hall
02:25 Ancient of War
02:44 Ancient of War
03:29 Ancient Protector
04:15 Moon Well
05:15 Moon Well
05:24 Moon Well
06:22 Moon Well
LEGEND-OF-FARKS (
teal | 51 APM | 1596 actions | 31:30)
4 Blademaster
2 Wind Walk
2 Critical Strike
3 Shadow Hunter
1 Hex
2 Healing Wave
1 Death Knight
1 Death Coil
» actions
| Assign group hotkey | 61 | |
| Basic commands | 7 | |
| Build / train | 67 | |
| Enter build submenu | 18 | |
| Enter hero's abilities submenu | 9 | |
| Give item / drop item | 5 | |
| Right click | 597 | |
| Select / deselect | 218 | |
| Select group hotkey | 424 | |
| Use ability | 190 | |
1596 total
» units
| Peon | 21 | |
| Wind Rider | 5 | |
| Archer | 10 | |
| Crypt Fiend | 3 | |
| Centaur Outrunner | 1 | |
| Harpy Rogue | 1 | |
| Harpy Windwitch | 1 | |
42 total
» upgrades
| Reinforced Defenses | 1 | |
| Envenomed Spears | 1 | |
| Ranged Weapons | 2 | |
| Armor | 2 | |
6 total
» buildings
| Altar of Storms | 1 | |
| Orc Burrow | 6 | |
| War Mill | 1 | |
| Stronghold | 1 | |
| Voodoo Lounge | 1 | |
| Beastiary | 3 | |
| Fortress | 1 | |
| Great Hall | 2 | |
| Watch Tower | 9 | |
| Tree of Ages | 1 | |
| Moon Well | 3 | |
| Ancient of War | 1 | |
30 total
» build order
00:06 Altar of Storms
00:15 Orc Burrow
02:07 War Mill
02:24 Stronghold
02:29 Voodoo Lounge
03:10 Orc Burrow
03:11 Orc Burrow
03:12 Orc Burrow
04:45 Beastiary
04:47 Beastiary
05:23 Fortress
06:24 Great Hall
07:42 Great Hall
08:55 Watch Tower
08:56 Watch Tower
08:56 Watch Tower
08:57 Watch Tower
08:57 Watch Tower
09:57 Watch Tower
09:58 Watch Tower
09:58 Watch Tower
09:59 Watch Tower
11:49 Tree of Ages
11:59 Moon Well
12:00 Moon Well
12:03 Ancient of War
12:11 Beastiary
12:15 Orc Burrow
» items
| Healing Salve | 2 | |
| Staff of Teleportation | 1 | |
| Scroll of Town Portal | 1 | |
4 total

»
johnnypak (
yellow | 53 APM | 590 actions | 11:10)
2 Death Knight
1 Death Coil
1 Unholy Aura
» actions
| Assign group hotkey | 12 | |
| Basic commands | 7 | |
| Build / train | 30 | |
| Enter build submenu | 14 | |
| Enter hero's abilities submenu | 2 | |
| Right click | 149 | |
| Select / deselect | 147 | |
| Select group hotkey | 205 | |
| Use ability | 24 | |
590 total
» units
| Acolyte | 5 | |
| Ghoul | 6 | |
| Crypt Fiend | 4 | |
15 total
» upgrades
| Creature Attack | 2 | |
| Burrow | 1 | |
| Web | 1 | |
4 total
» buildings
| Ziggurat | 6 | |
| Crypt | 2 | |
| Altar of Darkness | 1 | |
| Graveyard | 1 | |
| Nerubian Tower | 1 | |
| Halls of the Dead | 1 | |
| Tomb of Relics | 1 | |
| Black Citadel | 2 | |
| Sacrificial Pit | 1 | |
| Spirit Tower | 1 | |
17 total
» build order
00:15 Ziggurat
00:21 Crypt
00:28 Altar of Darkness
01:19 Ziggurat
02:06 Graveyard
02:13 Nerubian Tower
02:51 Halls of the Dead
03:07 Ziggurat
04:40 Crypt
04:53 Tomb of Relics
04:58 Ziggurat
05:46 Black Citadel
05:47 Black Citadel
06:46 Sacrificial Pit
07:00 Ziggurat
08:07 Spirit Tower
09:37 Ziggurat
» items
Chat log
(00:20 / All) Formr1000APMPro: I once had a game with 1,000 APM
(00:24 / All) Formr1000APMPro: Don't even try to spam this game
(00:26 / All) Formr1000APMPro: You won't outdo me
(00:34 / All) Purple-Is-Fat: KODO #1
(00:35 / All) Formr1000APMPro: I was UD and could barely control my army from it
(00:36 / All) Purple-Is-Fat: HE COULD DO IT
(00:45 / All) Formr1000APMPro: though I'm not very good at UD anymore so I can't now with proper APM either
(00:51 / All) Purple-Is-Fat: hey purp
(00:57 / All) Purple-Is-Fat: sorry
(01:12 / All) Purple-Is-Fat: but you need to do insanity
(02:08 / All) Purple-Is-Fat: hit the gym purple
(02:54 / Allies) Purple-Is-Fat: units?
(03:26 / Allies) Purple-Is-Fat: dibs
(03:30 / Allies) Purple-Is-Fat: called it red
(03:31 / Allies) Purple-Is-Fat: dont do
(03:32 / Allies) Purple-Is-Fat: it
(04:22 / All) Purple-Is-Fat: y u mad
(05:05 / Allies) Purple-Is-Fat: how was your guys hollidays?
(05:10 / Allies) Purple-Is-Fat: santa bring you anything god?
(05:25 / All) Purple-Is-Fat: i Hope santa brought purp a shake weight. he needs it
(05:37 / All) Formr1000APMPro: Or an electric scooter
(05:46 / All) Formr1000APMPro: Santa must spend all his time getting patent rights
(05:52 / All) Formr1000APMPro: no wonder Scandinavian countries are so lax in copyright
(05:54 / All) Purple-Is-Fat: LOL
(06:09 / All) Purple-Is-Fat: you know what really grinds my gears?
(06:26 / All) Formr1000APMPro: What?
(06:29 / All) JustTheVitamins: green is tking me
(06:36 / All) Purple-Is-Fat: pink
(06:38 / All) Purple-Is-Fat: total faggot
(06:41 / All) JustTheVitamins: Okay im over this
(06:54 / All) JustTheVitamins: I was going to go over this NELFS treeline and do a perfect tower rush
(07:00 / All) mulan2004: pink real idiot
(07:01 / All) Purple-Is-Fat: so pink do you think this tower rush was successfuL?
(07:07 / All) JustTheVitamins: but green is some retarded faggot from some poor ass european country most likely
(07:18 / All) Purple-Is-Fat: why did you tp green?
(07:20 / All) JustTheVitamins: and he thought tower rushing means sit on my dick and lure the enemy team
(07:21 / All) Purple-Is-Fat: to lazy to walk?
(07:27 / All) Purple-Is-Fat: purple would even walk there...
(07:28 / All) JustTheVitamins: then he tked me out of retard rage
(07:40 / All) JustTheVitamins: because his pigbrain cant function with thoughts
(07:48 / All) JustTheVitamins: anyways im over this green is a total retard
(07:59 / All) JustTheVitamins: you and the faggot DK did not need to sit on my dick for that tower rush
(08:07 / All) JustTheVitamins: it was going to happen around his t2 mark when i got bats
(08:12 / All) Purple-Is-Fat: green welcome to the naughty list
(08:13 / All) JustTheVitamins: i would of batted a base while towering one
(08:16 / All) Purple-Is-Fat: you will be tked every game
(08:17 / All) JustTheVitamins: but you had to attack my peons
(08:20 / All) JustTheVitamins: you attack my peons
(08:23 / All) JustTheVitamins: give me your facebook
(08:26 / All) JustTheVitamins: Il come to your house
(08:30 / All) JustTheVitamins: and il cut your face
(08:33 / All) JustTheVitamins: you fucking little nigger
(08:36 / All) Formr1000APMPro: It's 2013 why have NSA-feeding book?
(08:37 / All) JustTheVitamins: you hit my peon
(08:42 / All) JustTheVitamins: il break your moms jaw
(08:53 / All) JustTheVitamins: you believe that shit bro
(09:00 / All) JustTheVitamins: the fbi keeps taps on all of us oh no
(09:08 / All) JustTheVitamins: i bet you have like 100 friends
(09:11 / All) JustTheVitamins: lel
(09:16 / All) JustTheVitamins: mr 1000 apm
(09:17 / All) Purple-Is-Fat: greens a faggg
(09:20 / All) Formr1000APMPro: Back in the old days they called them imaginary friends
(09:21 / All) JustTheVitamins: i bet youre no gf
(09:36 / All) JustTheVitamins: blue tfw no gf?
(09:42 / All) Purple-Is-Fat: LOL
(09:49 / All) Formr1000APMPro: Go back to /r9k/
(09:50 / All) Purple-Is-Fat: why ar eyou taking your anger out on blue?
(09:51 / All) Formr1000APMPro: and shitpost
(09:51 / All) Purple-Is-Fat: pink?
(09:56 / All) Purple-Is-Fat: you fucking fag
(09:59 / All) Formr1000APMPro: He can't do shit to either of us
(10:10 / All) JustTheVitamins: because green is a piece of shit so i gave up
(10:20 / All) JustTheVitamins: also r9k lol
(10:25 / All) JustTheVitamins: imblying
(10:44 / All) JustTheVitamins: i bet youre full of shit about the 1000 apm thing too btw
(10:53 / All) Formr1000APMPro: Want me to dig for the replay link?
(10:53 / All) Purple-Is-Fat: I bet purp wishes he could share the bagel bites im eating right now
(11:01 / All) JustTheVitamins: yeah
(11:03 / All) Purple-Is-Fat: wishes i would share with him
(11:05 / All) JustTheVitamins: because i bet you would
(11:05 / All) Formr1000APMPro: alright hang on
(11:07 / All) JustTheVitamins: LOL
(11:13 / All) Purple-Is-Fat: wow
(11:17 / All) Purple-Is-Fat: new accts?
(11:28 / All) Formr1000APMPro: God dammit
(11:29 / All) Purple-Is-Fat: this was lame
(11:29 / All) Formr1000APMPro: He left?
(11:33 / All) Formr1000APMPro: I was looking for the link
(11:34 / All) Purple-Is-Fat: my team hasn't spoken
(11:35 / All) LEGEND-OF-FARKS: yes
(11:54 / All) Formr1000APMPro: I'll whisper it
(12:02 / Allies) Purple-Is-Fat: LOL
(12:03 / Allies) Purple-Is-Fat: do it
(12:51 / All) Formr1000APMPro: He said he doesn't care
(12:53 / All) Formr1000APMPro: What a prick
(12:56 / All) Formr1000APMPro: Everyone should care about that game
(13:03 / All) Formr1000APMPro: http://highper.ch/2012.php1000+%20apm%20by%20a%20god%20stabber
(13:08 / All) Formr1000APMPro: http://highper.ch/2012.php?id=apm%20god
(13:50 / All) Formr1000APMPro: WOW TKER PURPLE
(13:52 / All) Formr1000APMPro: WTF
(13:53 / All) Formr1000APMPro: WTF
(13:56 / All) Formr1000APMPro: PURPLE IS KILLING ORANGES ARMY
(13:58 / All) Formr1000APMPro: WHAT THE FUCK
(14:02 / All) Formr1000APMPro: Did he go after you when you tried to heal at wells?
(14:03 / All) Formr1000APMPro: omfg
(14:07 / All) Formr1000APMPro: purp is losing the game for us
(14:16 / All) Purple-Is-Fat: yeah
(14:17 / All) Formr1000APMPro: I will help you make the piggy into bacon when I can
(14:39 / Allies) Purple-Is-Fat: tech that expo fag
(14:56 / All) Purple-Is-Fat: TKER
(14:58 / All) Purple-Is-Fat: ALERT
(15:01 / All) Purple-Is-Fat: PURPLE
(15:05 / All) Formr1000APMPro: KILL PURPLE
(15:07 / All) Formr1000APMPro: KILL PURPLE
(15:08 / All) Purple-Is-Fat: UPSET I CALLED HIM FAT
(15:10 / All) Formr1000APMPro: TKER ON MY BATTLENET
(15:11 / All) Formr1000APMPro: TKER
(15:12 / All) Formr1000APMPro: TKER
(15:12 / All) Formr1000APMPro: TKER
(15:25 / Allies) Purple-Is-Fat: canel
(15:27 / Allies) Purple-Is-Fat: cancel!
(16:13 / Allies) Purple-Is-Fat: cancle
(16:16 / Allies) Purple-Is-Fat: to late
(16:46 / Allies) Purple-Is-Fat: cancel
(16:48 / Allies) Purple-Is-Fat: good
(16:53 / Allies) Purple-Is-Fat: cancel
(16:57 / Allies) Formr1000APMPro: cancel purple
(17:00 / Allies) Formr1000APMPro: cancel that expo you filthy tker
(17:05 / Allies) Formr1000APMPro: or I will cancel it for you by force
(17:07 / All) Purple-Is-Fat: CANCEL IT
(17:15 / All) Formr1000APMPro: CANCEL THE EXPO
(17:18 / All) Formr1000APMPro: Good work
(17:24 / All) Purple-Is-Fat: purple
(17:25 / All) Formr1000APMPro: Should have given a chance to detonate the wisp
(17:31 / All) Purple-Is-Fat: you brought this on yourself
(17:35 / Allies) Purple-Is-Fat: CANCEL
(17:36 / Allies) Purple-Is-Fat: NOW
(17:40 / All) Formr1000APMPro: CANCEL PURPLE
(17:42 / All) Formr1000APMPro: NO EXPOS
(17:42 / All) Formr1000APMPro: CANCEL
(17:44 / All) Formr1000APMPro: OR ELSE
(17:49 / All) Purple-Is-Fat: SORRY TEAL
(17:52 / All) Purple-Is-Fat: KILLED A PEON
(17:53 / All) Purple-Is-Fat: FORGIVE ME
(17:56 / All) Purple-Is-Fat: PLZZZ
(18:01 / Allies) Purple-Is-Fat: CANCEL
(18:06 / Allies) Purple-Is-Fat: KILLED MY HERO
(18:40 / All) Purple-Is-Fat: ITS ADAMN SAHME
(18:42 / All) Purple-Is-Fat: shame
(18:45 / All) Purple-Is-Fat: red has to lose
(18:47 / All) Purple-Is-Fat: because of purp
(18:51 / All) Formr1000APMPro: Yeah
(18:54 / All) Formr1000APMPro: Team of tkers always loses
(18:59 / All) Formr1000APMPro: God damn tkers plaguing battle.net
(19:02 / All) Formr1000APMPro: ruining the game for everyone else
(19:06 / All) Purple-Is-Fat: purps added to the naughty list
(19:10 / All) Purple-Is-Fat: every time
(19:11 / All) Purple-Is-Fat: i see you
(19:15 / All) Purple-Is-Fat: tk
(19:31 / Allies) towerbyatch: wow what a fagot
(19:34 / Allies) Purple-Is-Fat: can you at least type one thing purple?
(19:36 / All) Formr1000APMPro: LOL making nerubian towers against me
(19:40 / All) Purple-Is-Fat: wow red speaks
(19:41 / All) Formr1000APMPro: filthy tker holding on to the last
(19:42 / Allies) towerbyatch: piece of shit
(19:44 / All) Formr1000APMPro: He attacked my hero
(19:47 / All) Formr1000APMPro: red is a tker too
(19:48 / All) Formr1000APMPro: tk scum
(19:54 / Allies) Formr1000APMPro: cancel
(19:57 / All) Purple-Is-Fat: what a scum
(19:57 / Allies) Formr1000APMPro: or I will cancel it for you
(19:58 / Allies) Purple-Is-Fat: CANEL
(20:00 / All) Purple-Is-Fat: CANCEL IT
(20:02 / All) Purple-Is-Fat: CANCELLLLL
(20:03 / Allies) Formr1000APMPro: cancel
(20:11 / All) Purple-Is-Fat: runjnnnnnn
(20:13 / Allies) Formr1000APMPro: cancel it or I cancel it for you
(20:14 / Allies) Formr1000APMPro: cancel it
(20:20 / Allies) Formr1000APMPro: cancel and you keep an aco
(20:21 / Allies) towerbyatch: stfu baby
(20:29 / Allies) towerbyatch: fucken kids
(20:33 / Allies) Purple-Is-Fat: LOL
(20:36 / Allies) Purple-Is-Fat: mad?
(20:39 / Allies) Purple-Is-Fat: finally speaking?
(20:44 / Allies) towerbyatch: yeah
(20:51 / Allies) Formr1000APMPro: How mad on a scale of 1-10?
(20:54 / Allies) Formr1000APMPro: How mad you are bro?
(20:58 / Allies) towerbyatch: waste peoples fucken time faggot
(20:58 / Allies) Formr1000APMPro: Are you punching the wall son?
(21:06 / Allies) Formr1000APMPro: BANG YOU PUNCH THE WALL SON!
(21:08 / Allies) Purple-Is-Fat: im not wasting my time
(21:11 / Allies) towerbyatch: i'd murder your ass in real life fucken waste
(21:17 / Allies) Purple-Is-Fat: LOL
(21:17 / Allies) Purple-Is-Fat: wow
(21:20 / Allies) Purple-Is-Fat: thas harsh
(21:24 / Allies) Purple-Is-Fat: come at me bro
(21:28 / Allies) Formr1000APMPro: You hate time wasters that much son?
(21:29 / Allies) Formr1000APMPro: Is a game son
(21:30 / Allies) towerbyatch: addres
(21:32 / Allies) Formr1000APMPro: No need to get violent
(21:42 / Allies) Formr1000APMPro: I live on 1920 Houston St, California
(21:52 / Allies) Purple-Is-Fat: 3903 east fairmount avenue
(21:54 / Allies) Purple-Is-Fat: greenville pa
(21:57 / Allies) Purple-Is-Fat: 16125
(21:59 / Allies) Purple-Is-Fat: come at me
(22:00 / Allies) towerbyatch: pa ok
(22:02 / Allies) Purple-Is-Fat: fag
(22:05 / Allies) towerbyatch: thats were a work
(22:08 / Allies) towerbyatch: i coming
(22:11 / Allies) Formr1000APMPro: LOL
(22:12 / Allies) Purple-Is-Fat: nigga
(22:15 / Allies) Purple-Is-Fat: bring a shot gun
(22:27 / Allies) towerbyatch: i got more than a shotty
(22:31 / Allies) Purple-Is-Fat: oh god
(22:34 / Allies) Purple-Is-Fat: what else you got
(22:49 / Allies) Purple-Is-Fat: greenvile a hood town nigga
(22:50 / Allies) Purple-Is-Fat: bring it
(23:00 / All) Purple-Is-Fat: threating murder over a video game
(23:07 / All) Purple-Is-Fat: thats when you know there may be a problem
(23:09 / All) LEGEND-OF-FARKS: who lol
(23:12 / All) Purple-Is-Fat: red
(23:12 / All) towerbyatch: MURDER !!!!!
(23:19 / All) Purple-Is-Fat: RED RUM
(23:21 / All) Purple-Is-Fat: RED RUM
(23:38 / All) LEGEND-OF-FARKS: i think he cares about his precious 40% record
(23:42 / All) LEGEND-OF-FARKS: shining is a good movie
(23:52 / All) Purple-Is-Fat: GREAT MOBVIE
(24:26 / Allies) Purple-Is-Fat: CANCEL
(24:27 / Allies) Purple-Is-Fat: CANCEL
(24:27 / Allies) Purple-Is-Fat: NOW
(24:31 / Allies) Formr1000APMPro: CANCEL IT RED
(24:33 / Allies) Formr1000APMPro: CANCEL IT
(24:36 / Allies) Formr1000APMPro: CANCEL TAHT BUILDING
(24:40 / Allies) towerbyatch: suck my dick
(24:50 / Allies) Purple-Is-Fat: ]
(24:52 / Allies) towerbyatch: faggot
(24:53 / All) Purple-Is-Fat: I GAVE YOU A WARNING
(25:16 / All) towerbyatch: borning faggots all of you
(25:18 / All) Purple-Is-Fat: OHHHHHHHHHHHHH
(25:25 / All) LEGEND-OF-FARKS: borning?
(25:31 / All) Purple-Is-Fat: he was so mad
(25:35 / Allies) Formr1000APMPro: CANCEL
(25:36 / Allies) Formr1000APMPro: UPROOT
(25:41 / All) Purple-Is-Fat: i actually feel bad for purp
(25:41 / Allies) Formr1000APMPro: AND MAKE YOUR WISPS DETONATE
(25:44 / Allies) Formr1000APMPro: CANCEL
(25:47 / Allies) Formr1000APMPro: CANCEL THE TREE
(25:48 / All) LEGEND-OF-FARKS: pink was pissed at green i still dont know y
(25:49 / Allies) Formr1000APMPro: AND DETONATE THE WISPS
(25:54 / Allies) Formr1000APMPro: OR I WILL MAKE THEM DETONATE FOR YOU
(25:55 / Allies) Formr1000APMPro: CANCEL
(25:57 / Allies) Formr1000APMPro: CANCEL
(25:59 / Allies) Formr1000APMPro: CANCEL
(26:26 / All) Formr1000APMPro: That peasant is under my protection
(26:33 / All) Formr1000APMPro: He was a valiant warrior in this fight against tkers
(26:35 / All) LEGEND-OF-FARKS: witness protection?
(26:41 / All) Formr1000APMPro: teching lol
(26:46 / All) Purple-Is-Fat: NOOOO YOUR MAIN
(27:12 / All) LEGEND-OF-FARKS: pro surround
(27:19 / All) Formr1000APMPro: Eat shit for killing that fine noble worker
(27:28 / All) LEGEND-OF-FARKS: i will eat shit
(27:34 / All) Formr1000APMPro: Wtrf is the last building
(27:41 / All) Purple-Is-Fat: I HAVE NO IDEA
(27:55 / Allies) Purple-Is-Fat: where is it actuallY?
(27:56 / All) Formr1000APMPro: Nice try
(28:29 / All) Formr1000APMPro: waht the fuck is the last building
(28:36 / All) Purple-Is-Fat: lol glitch?
(28:41 / All) Formr1000APMPro: Maybe a hack
(28:51 / All) LEGEND-OF-FARKS: i se eone top right
(29:00 / All) LEGEND-OF-FARKS: top left i mean
(29:01 / All) Formr1000APMPro: None there that I can see
(29:03 / All) Purple-Is-Fat: where?
(29:06 / All) Purple-Is-Fat: yeah i jst made that
(29:07 / All) Formr1000APMPro: oh
(29:10 / All) Formr1000APMPro: CANCEL
(29:10 / All) Purple-Is-Fat: before
(29:11 / All) Formr1000APMPro: CANCEL
(29:12 / All) Formr1000APMPro: CANCEL
(29:13 / All) Formr1000APMPro: CANCEL
(29:16 / All) Formr1000APMPro: lawl
(29:22 / All) Purple-Is-Fat: lol
(29:25 / All) Purple-Is-Fat: purp hack?
(29:31 / All) LEGEND-OF-FARKS: u guys are joking
(29:34 / All) LEGEND-OF-FARKS: u really cant find it
(29:40 / All) Formr1000APMPro: Might be a hack
(29:42 / All) Purple-Is-Fat: lol no
(29:44 / All) Formr1000APMPro: lemme check something alt tab
(29:54 / All) LEGEND-OF-FARKS: prob a tree
(29:59 / All) Purple-Is-Fat: yeah
(30:01 / All) Purple-Is-Fat: im looking
(30:12 / All) LEGEND-OF-FARKS: found it lol
(30:16 / All) Purple-Is-Fat: where
(30:18 / All) LEGEND-OF-FARKS: wut are the odds i find it
(30:20 / All) Purple-Is-Fat: OH LOL
(30:36 / All) Purple-Is-Fat: poor purple
(30:38 / All) Purple-Is-Fat: didn't say a word
(30:46 / All) LEGEND-OF-FARKS: purps the guy who acccused me of mh before
(30:50 / All) LEGEND-OF-FARKS: when i had shades all over map
(31:01 / All) Purple-Is-Fat: LOL
(31:02 / All) Purple-Is-Fat: dick
(31:07 / All) Formr1000APMPro: Back
(31:08 / All) Formr1000APMPro: Find it?
(31:14 / Allies) Purple-Is-Fat: yeah
(31:15 / Allies) Purple-Is-Fat: lo
(31:17 / All) LEGEND-OF-FARKS: it was a great spot
(31:18 / All) Formr1000APMPro: LOL
(31:19 / Allies) Purple-Is-Fat: teal did
(31:29 / All) Purple-Is-Fat: rofl
(31:29 / All) LEGEND-OF-FARKS: LO